General information
- name: BNet
- type: Ladder 1vs1/FFA
- host: Battle.net
- saver: BEAR_AND
map: TerenasStand
- players: 2
- length: 06:48
- speed: Fast
- version: 1.21 W3XP
- replay type:

» download(21 KB)
Players
team 1 (winner)
BEAR_AND (
orange | 108 APM | 734 actions | 06:48)
1 Archmage
1 Summon Water Elemental
» actions
| Assign group hotkey | 7 | |
| Basic commands | 1 | |
| Build / train | 25 | |
| Enter build submenu | 17 | |
| Enter hero's abilities submenu | 1 | |
| Right click | 468 | |
| Select / deselect | 106 | |
| Select group hotkey | 69 | |
| Use ability | 40 | |
734 total
» units
» upgrades
» buildings
| Altar of Kings | 1 | |
| Farm | 3 | |
| Lumber Mill | 2 | |
| Scout Tower | 8 | |
| Guard Tower | 5 | |
| Arcane Tower | 2 | |
21 total
» build order
00:06 Altar of Kings
00:18 Farm
00:35 Lumber Mill
00:37 Lumber Mill
01:43 Farm
01:44 Farm
02:03 Scout Tower
02:04 Scout Tower
02:05 Scout Tower
02:16 Scout Tower
02:40 Guard Tower
02:41 Guard Tower
02:43 Arcane Tower
03:08 Scout Tower
03:09 Scout Tower
03:25 Scout Tower
03:36 Guard Tower
03:47 Guard Tower
04:09 Guard Tower
05:29 Scout Tower
06:01 Arcane Tower
team 2 (loser)
MangoSentinel (
purple | 31 APM | 208 actions | 06:47)
» actions
| Build / train | 17 | |
| Enter build submenu | 6 | |
| Remove unit from queue | 1 | |
| Right click | 77 | |
| Select / deselect | 94 | |
| Use ability | 13 | |
208 total
» units
» buildings
| Ancient of War | 1 | |
| Moon Well | 2 | |
| Altar of Elders | 1 | |
4 total
» build order
00:39 Ancient of War
00:57 Moon Well
01:15 Altar of Elders
02:07 Moon Well
Chat log
(00:09 / All) MangoSentinel: thank god this isnt highperch
(00:14 / All) BEAR_AND: lmao
(01:35 / All) BEAR_AND: gl hf
(01:45 / All) MangoSentinel: you too, I suck fyi
(01:50 / All) BEAR_AND: wcr?
(01:52 / All) BEAR_AND: wgdf?
(02:01 / All) MangoSentinel: just trying to get inconned
(02:09 / All) BEAR_AND: what is inconned
(02:16 / All) MangoSentinel: an icon for TDA
(02:23 / All) BEAR_AND: haha
(02:24 / All) BEAR_AND: dota
(02:25 / All) MangoSentinel: was planning on hiding bases all over to piss off my opponent
(03:41 / All) MangoSentinel: lmao
(03:47 / All) MangoSentinel: how did I not see that coming
(04:07 / All) MangoSentinel: hahaha well this is the funniest defeat I've ever had
(04:25 / All) MangoSentinel: ah shit why didnt I just detonate my stupid wisps
(04:30 / All) BEAR_AND: thanks for playing, http://highper.ch/ for all ownage tower reps
(04:45 / All) MangoSentinel: glad to give the win to a fellow goon
(04:50 / All) BEAR_AND: oh god
(05:04 / All) MangoSentinel: hm?
(05:44 / All) BEAR_AND: why
(05:48 / All) MangoSentinel: why what
(05:54 / All) BEAR_AND: are you still in this game
(06:02 / All) MangoSentinel: now why would I leave
(06:06 / All) MangoSentinel: ive got 4 seconds
(06:10 / All) MangoSentinel: 1 second